 Dungeon Crawl Stone Soup version 0.20.1-1-g8b1a95d (webtiles) character file.

1246 Folque the Conjurer (level 8, 0/50 HPs)
             Began as an Octopode Wizard on Nov 18, 2017.
             Killed from afar by an electric eel (13 damage)
             ... with a bolt of electricity
             ... on level 6 of the Dungeon.
             The game lasted 00:24:34 (6689 turns).

Folque the Conjurer (Octopode Wizard)               Turns: 6689, Time: 00:24:35

Health: 0/50       AC:  1    Str:  7    XL:     8   Next: 50%
Magic:  9/16       EV: 13    Int: 22    God:
Gold:   438        SH:  0    Dex: 10    Spells: 10/18 levels left

rFire    + . .     SeeInvis +   m - +3 spear (venom)
rCold    x . .     Gourm    .   (no shield)
rNeg     . . .     Faith    .   a - +0 hat
rPois    .         Spirit   .   (no amulet)
rElec    .         Reflect  .   B - ring of see invisible
rCorr    .         Harm     .   z - ring of fire
MR       .....                  (no ring)
Stlth    ++++......             (no ring)
Regen    0.2/turn               (no ring)
MPRegen  0.2/turn               (no ring)
                                (no ring)
                                (no ring)

@: very slightly contaminated
A: almost no armour, stealthy swim, amphibious, 8 rings, constrict 8, camouflage
1, gelatinous body 1
a: no special abilities


You were on level 6 of the Dungeon.
You were not hungry.

You visited 1 branch of the dungeon, and saw 6 of its levels.

You collected 438 gold pieces.

Inventory:

Hand Weapons
 m - a +3 spear of venom (weapon)
Missiles
 t - 2 poisoned javelins (quivered)
Armour
 a - a +0 hat (worn)
Jewellery
 z - a ring of fire (right tentacle)
 B - a ring of see invisible (left tentacle)
Wands
 j - a wand of enslavement (13/24)
 k - a wand of clouds (6/9)
Scrolls
 e - 4 scrolls of identify
 h - 2 scrolls of teleportation
 i - 2 scrolls of amnesia
 o - 2 scrolls of magic mapping {unknown}
 r - a scroll of remove curse
 u - a scroll of immolation {unknown}
 v - a scroll of recharging {unknown}
 y - a scroll of fog {unknown}
 A - a scroll of enchant weapon {unknown}
Potions
 f - a potion of ambrosia
 n - a potion of lignification
 p - a potion of heal wounds
 s - a potion of curing
 w - a potion of invisibility
Books
 b - a book of Minor Magic

   Spells                             Type                      Level
   a - Magic Dart                     Conjuration                  1
   b - Blink                          Translocation                2
   c - Call Imp                       Summoning                    2
   d - Slow                           Hexes                        2
   e - Conjure Flame                  Conjuration/Fire             3
   f - Mephitic Cloud                 Conjuration/Poison/Air       3
Comestibles
 c - 2 bread rations
 d - 4 meat rations
 g - 5 fruits
 l - 2 chunks of flesh
 q - 2 royal jellies


   Skills:
 - Level 2.0 Fighting
 - Level 1.1 Polearms
 - Level 2.0 Dodging
 - Level 2.6 Stealth
 * Level 5.9 Spellcasting
 + Level 7.1 Conjurations
 + Level 1.3 Summonings
 - Level 1.0 Translocations
 - Level 3.1 Poison Magic


You had 10 spell levels left.
You knew the following spells:

 Your Spells              Type           Power        Failure   Level  Hunger
a - Magic Dart            Conj           ####         1%          1    None
b - Call Imp              Summ           ##......     9%          2    None
c - Blink                 Tloc           N/A          9%          2    None
d - Mephitic Cloud        Conj/Pois/Air  ###.....     7%          3    #......


Dungeon Overview and Level Annotations

Branches:
Dungeon (6/15)
 Temple: D:4-7

Altars:
Cheibriados
Okawaru
Ru
Xom
Yredelemnul

Shops:
D:4 }

Annotations:
D:3 Grinder


Innate Abilities, Weirdness & Mutations

You cannot wear most types of armour.
You are very stealthy in the water. (Stealth+)
You are amphibious.
You can wear up to eight rings at the same time.
You can use your tentacles to constrict eight enemies at once.
Your skin changes colour to match your surroundings (Stealth+).
Your rubbery body absorbs attacks. (AC +1, EV +1)


Message History

The bolt of electricity misses you.
Your crimson imp hits the electric eel.
The electric eel shoots out a bolt of lightning at your crimson imp!
The bolt of electricity hits your crimson imp.
Your crimson imp dies!
Your crimson imp blinks!
Press: ? - help, v - describe, . - travel
Here: an electric eel (lightly wounded, hasn't noticed you) Some shallow water.
Casting: Call Imp
Confirm with . or Enter, or press ? or * to list all spells.
You miscast Call Imp.
You are very lightly contaminated with residual magic.
Nothing appears to happen.
Your white imp gestures at the electric eel.
The puff of frost misses the electric eel.
The electric eel shoots out a bolt of lightning at you!
The bolt of electricity hits your white imp.
The bolt of electricity hits you!
You die...

.###≈≈≈≈≈≈###...#####.....
....≈≈..........##......#.
...≈;............#.#..#...
..≈..5.≈≈.....#...........
..≈.§≈≈..≈....#.....##[...
..)≈≈....≈....#..######...
.)....⌠≈≈........# #...
.....≈≈⌠........## #...
....≈..).@≈...#.# #...
....≈.5≈≈..≈..#.# #...
.....≈≈....≈....# ###...
.........≈≈.....#####.....
........≈≈.......÷......##
.###≈≈≈≈≈≈###......##.....
##≈≈≈≈###.......###....
######.........# ####.
#.#........# ##


You could see an electric eel, a friendly crimson imp and a friendly white imp.

Vanquished Creatures
  Sigmund (D:5)
  2 ice beasts
  A phantom (D:4)
  A sky beast (D:5)
  A big kobold (D:6)
  A scorpion (D:4)
  2 howler monkeys
  2 hounds
  A jelly (D:6)
  An iguana (D:1)
  Ijyb (D:4)
  An orc wizard (D:4)
  Natasha (thrice) (D:3)
  2 worker ants
  7 gnolls
  9 adders
  An ooze (D:3)
  4 worms
  2 dart slugs
  3 leopard geckos
  5 orcs (D:4)
  18 goblins
  12 hobgoblins
  7 jackals
  2 quokkas
  4 bats
  4 frilled lizards
  16 kobolds
  2 leopard gecko skeletons
  11 rats
127 creatures vanquished.

Vanquished Creatures (collateral kills)
  An ice beast (D:6)
  A hound (D:4)
  Robin (D:2)
  3 adders
  An adder skeleton (D:6)
  2 worms (D:2)
  4 goblins
  2 hobgoblins (D:2)
  A jackal (D:4)
  A rat (D:2)
17 creatures vanquished.

Grand Total: 144 creatures vanquished

Notes
Turn   | Place    | Note
-------+----------+-------------------------------------------
     0 | D:1      | Folque the Octopode Wizard began the quest for the Orb.
     0 | D:1      | Reached XP level 1. HP: 11/11 MP: 4/4
   566 | D:1      | Reached skill level 1 in Fighting
   569 | D:1      | Reached XP level 2. HP: 9/18 MP: 6/6
  1096 | D:1      | Reached XP level 3. HP: 21/24 MP: 7/7
  1103 | D:1      | Learned a level 2 spell: Call Imp
  1106 | D:1      | Learned a level 2 spell: Blink
  1110 | D:1      | Learned a level 3 spell: Mephitic Cloud
  1463 | D:2      | Reached XP level 4. HP: 29/29 MP: 1/9
  1511 | D:2      | Found a shimmering altar of Xom.
  1597 | D:2      | Reached skill level 1 in Poison Magic
  1600 | D:2      | Noticed Robin
  1634 | D:2      | Killed Robin
  1670 | D:2      | Reached skill level 2 in Conjurations
  2418 | D:2      | Found a faded altar of an unknown god.
  2631 | D:3      | Noticed Natasha
  2640 | D:3      | Killed Natasha
  2640 | D:3      | Reached XP level 5. HP: 15/34 MP: 1/10
  2803 | D:3      | Noticed Natasha
  2812 | D:3      | Killed Natasha
  2841 | D:3      | Noticed Natasha
  2849 | D:3      | Killed Natasha
  2864 | D:3      | Found a snail-covered altar of Cheibriados.
  2913 | D:3      | Reached skill level 1 in Polearms
  2951 | D:3      | Noticed Grinder
  3075 | D:3      | Reached XP level 6. HP: 39/39 MP: 9/12
  3203 | D:3      | Reached skill level 3 in Conjurations
  3577 | D:4      | Noticed a phantom
  3776 | D:4      | Killed a phantom
  3962 | D:4      | Noticed Ijyb
  3973 | D:4      | Killed Ijyb
  4127 | D:4      | Reached skill level 4 in Conjurations
  4169 | D:4      | Reached XP level 7. HP: 20/45 MP: 6/13
  4375 | D:4      | Found a sacrificial altar of Ru.
  4711 | D:4      | Found Haenkek's Gadget Shoppe.
  5116 | D:5      | Entered Level 5 of the Dungeon
  5124 | D:5      | Reached skill level 5 in Spellcasting
  5124 | D:5      | Reached skill level 5 in Conjurations
  5153 | D:5      | Noticed Sigmund
  5169 | D:5      | Killed Sigmund
  5169 | D:5      | Reached skill level 6 in Conjurations
  5169 | D:5      | Reached XP level 8. HP: 50/50 MP: 11/16
  5229 | D:5      | Found a basalt altar of Yredelemnul.
  5435 | D:5      | Found an iron altar of Okawaru.
  6478 | D:6      | Reached skill level 7 in Conjurations
  6689 | D:6      | Killed from afar by an electric eel

Skill      XL: |  1  2  3  4  5  6  7  8 |
---------------+-------------------------+-----
Fighting       | 1 2 |  2.0
Poison Magic   | 2 3 |  3.1
Conjurations   | 2 4 6 7 |  7.1
Polearms       | 1 |  1.1
Spellcasting   | 4 5 |  5.9
Dodging        | |  2.0
Stealth        | |  2.6
Summonings     | |  1.3
Translocations | |  1.0

Action                   |  1- 3 |  4- 6 |  7- 9 || total
-------------------------+-------+-------+-------++-------
Melee: Short sword       |    51 |       |       ||    51
       Unarmed           |    11 |       |       ||    11
       Constrict         |    19 |    26 |    20 ||    65
       Tentacles         |    14 |    13 |     7 ||    34
       Spear             |       |   145 |   133 ||   278
       Dagger            |       |    17 |       ||    17
 Cast: Magic Dart        |     4 |     5 |     5 ||    14
       Call Imp          |     3 |    35 |    21 ||    59
       Blink             |       |     4 |     7 ||    11
       Mephitic Cloud    |       |     2 |     5 ||     7
  Use: Potion            |     1 |       |     4 ||     5
       Scroll            |       |       |     9 ||     9
 Stab: Sleeping          |     4 |    12 |     3 ||    19
       Distracted        |       |     1 |     1 ||     2
       Confused          |       |       |     4 ||     4
  Eat: Chunk             |     2 |     9 |     9 ||    20
Armor: Skin              |     4 |     9 |    80 ||    93
Dodge: Dodged            |    42 |    54 |    93 ||   189
